 Dungeon Crawl Stone Soup version 0.31-a0-175-g9f7f995f2b (webtiles) character file.

Game seed: 17953864515288901080

475931 Anon1729 the Minotaur Blade (level 23, -1/230 (236) HPs)
             Began as a Minotaur Monk on June 16, 2023.
             Was a Follower of Uskayaw.
             Killed from afar by a shadow dragon (18 damage)
             ... with a bolt of negative energy
             ... on level 1 of the Realm of Zot.
             The game lasted 01:02:45 (47984 turns).

Anon1729 the Minotaur Blade (Minotaur Monk)        Turns: 47984, Time: 01:02:45

HP:   -1/230 (236)  AC: 29    Str: 17 (19) XL:     23   Next: 33%
MP:   26/27         EV: 18    Int:  4      God:    Uskayaw [*.....]
Gold: 3525          SH:  5    Dex: 19      Spells: 22/22 levels left

rFire   + + .        a - +9 demon blade (vamp)
rCold   + + +        d - orb {light}
rNeg    + . .        e - +4 chain mail of Contentment {rC++ Dex-2}
rPois   +            C - +0 hat of Erhukhub {Harm *Slow +Inv rElec}
rElec   +            S - +1 cloak of Feasting {rF+}
rCorr   .            v - +2 pair of gloves
SInv    +            D - +2 pair of boots
Will    +....        t - amulet of reflection Stlth
                     r - ring of Doors {rElec rF+ rC+++ Str-3 SInv}
HPRegen 0.58/turn    p - ring of Boublub {rPois rN+}
MPRegen 0.20/turn

%: slow self (1%), harm (+30% outgoing, +20% incoming), reflection
@: glowing, studying 2 skills, lightly drained
A: horns 2, retaliatory headbutt, talons 1, deterioration 1, dopey 1, low MP 2,
robust 1, strong 1, cold vulnerability 1
0: Orb of Zot
}: 3/15 runes: barnacled, slimy, gossamer
a: Renounce Religion, Evoke Invisibility, Stomp


You were on level 1 of the Realm of Zot.
You worshipped Uskayaw.
Uskayaw was most pleased with you.
You visited 9 branches of the dungeon, and saw 45 of its levels.
You visited 1 bazaar.
You also visited: Ice Cave.

You collected 5625 gold pieces.
You spent 2100 gold pieces at shops.

Inventory:

Hand Weapons
 a - a +9 vampiric demon blade (weapon)
 b - the +7 captain's cutlass {speed, disarm}
   (You acquired it on level 5 of the Dungeon)
Missiles
 X - 4 curare-tipped darts
Armour
 d - an orb of light (worn)
 e - the +4 chain mail of Contentment (worn) {rC++ Dex-2}
   (You found it on level 5 of the Pits of Slime)

   Dex:       It affects your dexterity (-2).
   rC:        It greatly protects you from cold.
 g - a +2 cloak of preservation
 v - a +2 pair of gloves (worn)
 C - the +0 hat of Erhukhub (worn) {Harm *Slow +Inv rElec}
   (You found it on level 4 of the Spider Nest)

   rElec:     It insulates you from electricity.
   +Inv:      It lets you turn invisible.
   *Slow:     It may slow you when you take damage.
   Harm:      It increases damage dealt and taken.
 D - a +2 pair of boots (worn)
 L - the +2 ring mail "Xestrone" {rN+ Str-3 Dex+9}
   (You found it on level 5 of the Dungeon)

   Str:       It affects your strength (-3).
   Dex:       It affects your dexterity (+9).
   rN:        It protects you from negative energy.
 O - a +2 hat of see invisible
 S - the +1 cloak of Feasting (worn) {rF+}
   (You acquired it on level 3 of the Spider Nest)

   rF:        It protects you from fire.
Jewellery
 j - the ring "Oriahor" {Fire rCorr Dex+4 Slay+3 Stlth-}
   (You found it on level 5 of the Pits of Slime)

   [ring of fire]

   It enhances your fire magic.
   Dex:       It affects your dexterity (+4).
   Slay:      It affects your accuracy & damage with ranged weapons and melee
   (+3).
   rF:        It protects you from fire.
   rC:        It makes you vulnerable to cold.
   rCorr:     It protects you from acid and corrosion.
   Stlth:     It makes you less stealthy.
 p - the ring of Boublub (right hand) {rPois rN+}
   (You found it on level 2 of the Spider Nest)

   [ring of poison resistance]

   rPois:     It protects you from poison.
   rN:        It protects you from negative energy.
 r - the ring of Doors (left hand) {rElec rF+ rC+++ Str-3 SInv}
   (You found it on level 5 of the Realm of Zot)

   [ring of see invisible]

   Str:       It affects your strength (-3).
   rF:        It protects you from fire.
   rC:        It renders you almost immune to cold.
   rElec:     It insulates you from electricity.
   SInv:      It lets you see invisible.
 t - an amulet of reflection (around neck)
 x - a +4 ring of protection
 H - the ring "Jetzipy" {rF+ MP+9}
   (You bought it in a shop on level 2 of the Orcish Mines)

   [ring of magical power]

   rF:        It protects you from fire.
   MP:        It affects your magic capacity (+9).
 J - a ring of flight
 M - a ring of protection from cold
Wands
 f - a wand of mindburst (24)
 o - a wand of polymorph (4)
 q - a wand of paralysis (22)
 F - a wand of acid (7)
 I - a wand of iceblast (24)
 Q - a wand of digging (12)
 R - a wand of flame (57)
Scrolls
 h - 23 scrolls of teleportation
 i - 5 scrolls of torment
 s - 6 scrolls of poison
 z - 6 scrolls of fog
 A - 6 scrolls of fear
 B - 7 scrolls of immolation
 E - 4 scrolls of vulnerability
 V - 4 scrolls of enchant armour
Potions
 c - 5 potions of ambrosia
 k - 3 potions of cancellation
 l - 4 potions of berserk rage
 n - 8 potions of enlightenment
 w - 8 potions of curing
 G - a potion of invisibility
 K - 4 potions of might
 P - 4 potions of attraction
 U - a potion of magic
Miscellaneous
 N - a phial of floods
 Z - a sack of spiders


   Skills:
 + Level 19.7 Fighting
 + Level 17.0(21.3) Short Blades
 + Level 22.8(25.1) Long Blades
 - Level 2.3 Maces & Flails
 + Level 19.3 Armour
 + Level 17.7 Dodging
 + Level 11.0 Ice Magic
 + Level 17.0 Invocations
 + Level 10.3 Evocations


You had 22 spell levels left.
You didn't know any spells.
Your spell library contained the following spells:

 Spells                   Type           Power      Damage    Failure   Level
 Freeze                   Ice            32%        1d5       2%          1
 Frozen Ramparts          Ice            16%        1d3       8%          3
 Hailstorm                Conj/Ice       4%         3d4       58%         3
 Apportation              Tloc           0%         N/A       94%         1
 Foxfire                  Conj/Fire      0%         2x1d4     94%         1
 Kiss of Death            Conj/Necr      0%         2d5       94%         1
 Necrotise                Necr           0%         1d4       94%         1
 Shock                    Conj/Air       0%         1d3       94%         1
 Summon Small Mammal      Summ           0%         N/A       94%         1
 Ice Form                 Ice/Tmut       4%         N/A       94%         4
 Blink                    Tloc           0%         N/A       98%         2
 Cigotuvi's Dreadful Rot  Necr/Pois/Air  0%         N/A       98%         2
 Lesser Beckoning         Tloc           0%         N/A       98%         2
 Momentum Strike          Conj/Tloc      0%         3d8       98%         2
 Sublimation of Blood     Necr           0%         N/A       98%         2
 Call Canine Familiar     Summ           0%         N/A       100%        3
 Portal Projectile        Hex/Tloc       0%         N/A       100%        3
 Summon Guardian Golem    Hex/Summ       0%         N/A       100%        3
 Swiftness                Air            0%         N/A       100%        3
 Vhi's Electric Charge    Tloc/Air       0%         N/A       100%        3
 Volatile Blastmotes      Fire/Tloc      0%         2d10      100%        3
 Airstrike                Air            0%         2d(0-16)  100%        4
 Animate Armour           Summ/Erth      0%         N/A       100%        4
 Animate Dead             Necr           0%         N/A       100%        4
 Fulminant Prism          Conj/Hex       0%         3d5       100%        4
 Iskenderun's Mystic Bla  Conj/Tloc      0%         2d3       100%        4
 Leda's Liquefaction      Hex/Erth       0%         N/A       100%        4
 Olgreb's Toxic Radiance  Pois           0%         N/A       100%        4
 Passage of Golubria      Tloc           0%         N/A       100%        4
 Petrify                  Tmut/Erth      0%         N/A       100%        4
 Summon Lightning Spire   Summ/Air       0%         N/A       100%        4
 Arcjolt                  Conj/Air       0%         1d10      100%        5
 Blade Hands              Tmut           0%         N/A       100%        5
 Fireball                 Conj/Fire      0%         3d3       100%        5
 Irradiate                Conj/Tmut      0%         3d11      100%        5
 Lee's Rapid Deconstruct  Erth           0%         3d4*      100%        5
 Metabolic Englaciation   Hex/Ice        2%         N/A       100%        5
 Silence                  Hex/Air        0%         N/A       100%        5
 Conjure Ball Lightning   Conj/Air       0%         3x3d6     100%        6
 Plasma Beam              Fire/Air       0%         2x1d10    100%        6
 Simulacrum               Ice/Necr       2%         N/A       100%        6
 Starburst                Conj/Fire      0%         6d3       100%        6
 Statue Form              Tmut/Erth      0%         N/A       100%        6
 Haunt                    Necr/Summ      0%         N/A       100%        7
 Orb of Destruction       Conj           0%         9d5       100%        7
 Ozocubu's Refrigeration  Ice            4%         4d8       100%        7
 Spellforged Servitor     Conj/Summ      0%         N/A       100%        7
 Borgnjor's Revivificati  Necr           0%         N/A       100%        8
 Discord                  Hex            0%         N/A       100%        8
 Disjunction              Tloc           0%         N/A       100%        8
 Ignition                 Fire           0%         3d3       100%        8
 Infestation              Necr           0%         N/A       100%        8
 Lehudib's Crystal Spear  Conj/Erth      0%         10d2      100%        8
 Necromutation            Tmut/Necr      0%         N/A       100%        8
 Death's Door             Necr           0%         N/A       100%        9
 Dragon's Call            Summ           0%         N/A       100%        9


Dungeon Overview and Level Annotations

Branches:
Dungeon (15/15)            Temple (1/1) D:5            Lair (5/5) D:8
 Shoals (4/4) Lair:3       Spider (4/4) Lair:3        Slime (5/5) Lair:5
    Orc (2/2) D:12            Elf (0/3) Orc:2        Vaults (0/5) D:14
 Depths (4/4) D:15            Zot (5/5) Depths:4      IceCv (visited)

Altars:
Ashenzari
Cheibriados
Dithmenos
Elyvilon
Fedhas
Gozag
Hepliaklqana
Kikubaaqudgha
Makhleb
Nemelex Xobeh
Okawaru
Qazlal
Ru
Sif Muna
Trog
Uskayaw
Vehumet
Wu Jian
Xom
Yredelemnul
Zin
The Shining One
Jiyva

Shops:
D:4 *   D:8 (   D:12 [   Orc:1 (   Orc:2 =*(   Shoals:4 [   Depths:1 *

Portals:
Hell: Depths:1 Depths:2 Depths:3 Depths:4
Abyss: Depths:3
Pandemonium: Orc:2 Depths:1 Depths:2
Ziggurat: Depths:1

Annotations:
Lair:2 3 runed translucent doors, Koushar's ghost, journeyman FeTm; Mous's ghost, journeyman MiBe; Ojus's ghost, journeyman AtFi; h0peless's ghost, journeyman TrFi; initializr's ghost, journeyman DECj
Spider:4 1 exclusion
Depths:1 exclusion: obsidian statue


Innate Abilities, Weirdness & Mutations

You have a pair of horns on your head.
You reflexively headbutt those who attack you in melee.
You have sharp toenails.
Your body sometimes deteriorates upon taking damage.
You are dopey. (Int -2)
Your magical capacity is very low. (-20% MP)
You are robust. (+10% HP)
Your muscles are strong. (Str +4, Int/Dex -1)
You are vulnerable to cold. (rC-)


Message History

You feel better.
You hear a deafening roar!
You hear a deafening roar!
A green death comes into view.
Found 7 stones and 12 gold pieces.
You hear a deafening roar!
You hear a roar!
The green death gestures at you. The bolt of poison misses you.
The green death gestures at you. The bolt of poison hits you!!!
You are poisoned.
* * * LOW HITPOINT WARNING * * *
Your body deteriorates!
You feel weakened.
You feel better.
You hear a roar!
The green death gestures at you. The blast of poison misses you.
Okay, then.
Okay, then.
You're wearing all the rings you can.
Remove which one? (? for menu, Esc to cancel) < or
r - the ring of Doors {rElec rF+ rC+++ Str-3 SInv} > or
j - the ring "Oriahor" {Fire rCorr Dex+4 Slay+3 Stlth-} You remove the ring "Oriahor" {Fire rCorr Dex+4 Slay+3 Stlth-}.
You are engulfed in poison gas.
You are poisoned.
* * * LOW HITPOINT WARNING * * *
x2 You feel sick.
p - the ring of Boublub (right hand) {rPois rN+}
* * * LOW HITPOINT WARNING * * *
You feel sick.
You feel better.
You hear a deafening roar!
Okay, then.
Okay, then.
Okay, then.
Unknown command.
The shadow dragon breathes negative energy at you.
The bolt of negative energy hits you! You partially resist.
You feel drained.
You die...

..............
#.....................
#....................
## ....#######.D......
#.. #.)..#
#.......##.. # )....#
#.......#..##### .#
.....#
#......##.##9..##.#
.....#
#..☼.○○#..yb.......
.....#
#...☼@##.?#.....#.
.#####
#.(2○○#..##D9db.## .#
#.☼°°○#..#.D..b..# .#
#...."○..#..y>...# .#
#.....#..#....b..#
#.....#..##.⌠.b.##
#.....##..#.....#
#......#.........
#......##.##...##.


You could see a shadow dragon (catching breath) and a green death.

Vanquished Creatures
  the Royal Jelly (Slime:5)
  Dissolution (Slime:5)
  5 dread liches
  An ancient lich (Zot:4)
  2 orbs of fire
  3 Killer Klowns (Zot:5)
  2 curse toes
  5 golden dragons
  2 doom hounds (Zot:4)
  3 electric golems
  8 tentacled monstrosities
  A Tzitzimitl (Zot:4)
  Rupert (Lair:5)
  Mlioglotl (Shoals:1)
  18 Orb Guardians (Zot:5)
  A lich (Depths:2)
  Grunn (Zot:4)
  3 quicksilver dragons
  2 krakens
  9 acid blobs
  Kirke (Lair:4)
  Gastronok (D:10)
  6 death cobs
  3 azure jellies (Slime:5)
  8 draconian knights
  8 shadow dragons
  3 draconian monks
  3 tengu reavers
  5 rockslimes
  8 storm dragons
  9 fire giants
  An iron dragon (Depths:4)
  5 draconian scorchers
  4 ghost moths
  5 emperor scorpions
  3 balrugs (Depths:1)
  9 frost giants
  5 draconian shifters
  An angel (Depths:3)
  14 stone giants
  3 reapers
  5 draconian annihilators
  6 formless jellyfish
  2 broodmothers (Spider:1)
  8 very ugly things
  5 draconian stormcallers
  9 quicksilver oozes
  2 vampire knights
  8 green draconians
  8 black draconians
  9 white draconians
  5 dire elephants (Lair:5)
  11 red draconians
  13 purple draconians
  9 spark wasps
  8 yellow draconians
  Snorg (D:13)
  2 blizzard demons
  2 jiangshi (Depths:1)
  5 ettins
  6 merfolk impalers
  11 fire dragons
  2 merfolk javelineers (Shoals:4)
  Josephine (Lair:3)
  3 entropy weavers
  4 great orbs of eyes
  9 ice dragons
  8 hydras
  A quicksilver dragon skeleton (Depths:3)
  A jorogumo (Spider:1)
  Fannar (Lair:1)
  2 rakshasas
  3 alligator snapping turtles
  A hell beast (Depths:1)
  4 radroaches
  A death knight (D:9)
  5 spriggan air magi
  3 demonspawn (Orc:2)
  5 merfolk avatars
  10 boulder beetles
  2 ogre magi (D:15)
  4 satyrs
  4 centaur warriors
  2 dancing weapons (D:14)
  4 merfolk aquamancers (Shoals:4)
  24 death yaks
  2 tengu warriors
  12 deep troll shamans
  A vampire mage (Depths:1)
  4 two-headed ogres
  2 deep troll earth magi
  8 demonic crawlers
  2 spriggan berserkers (Depths:2)
  5 orc high priests (Orc:2)
  A spectral dire elephant (Lair:5)
  Sonja (Lair:2)
  5 skysharks
  6 hell knights (Depths:4)
  5 soul eaters
  A sun demon (Depths:1)
  6 iron trolls
  2 sun moths
  5 skeletal warriors (D:15)
  4 sixfirhies
  10 deep trolls
  8 pharaoh ants
  2 flayed ghosts (D:15)
  13 orb spiders
  A glowing orange brain (Slime:4)
  A spectral anaconda (Lair:5)
  17 sea snakes
  11 harpies
  Pikel (D:4)
  A sphinx zombie (Depths:3)
  A golden dragon skeleton (Depths:3)
  An obsidian statue (Lair:5)
  A wizard (Depths:2)
  A deep elf pyromancer (D:13)
  6 steelbarb worms
  8 necromancers
  6 orc knights
  A frost giant zombie (D:15)
  8 orc sorcerers
  5 shining eyes
  23 manticores
  10 cyclopes
  19 wolf spiders
  A faun (shapeshifter) (Depths:4)
  A deep elf zephyrmancer (D:15)
  A mana viper (shapeshifter) (Depths:3)
  8 fauns
  33 ugly things
  6 oklob plants (Lair:5)
  A frost giant skeleton (D:15)
  6 merfolk sirens
  A salamander (shapeshifter) (D:15)
  4 eyes of devastation
  A fire giant zombie (D:15)
  17 elephants
  26 moths of wrath
  7 water nymphs
  An ice statue (IceCv)
  3 rust devils
  2 torpor snails
  An orange demon (Depths:1)
  3 smoke demons
  6 black mambas
  The ghost of snipermoke the Slasher, a novice DgFi (D:5)
  11 cane toads
  2 kobold demonologists
  An unseen horror (D:10)
  10 rime drakes
  11 komodo dragons
  2 tengu conjurers (Depths:2)
  4 ice devils
  A yaktaur (D:15)
  An efreet (D:15)
  11 trolls
  19 merfolk
  8 polar bears
  A troll (shapeshifter) (D:14)
  9 tarantellas
  4 hellwings
  Grinder (D:3)
  19 blink frogs
  5 hornets
  2 spectral elephants (Lair:5)
  26 dream sheep
  20 jumping spiders
  9 snapping turtles
  39 slime creatures
  3 spriggans (Depths:2)
  7 water elementals
  A vampire (D:12)
  2 shadows (D:11)
  9 wraiths
  47 yaks
  2 ynoxinuls
  A yak (shapeshifter) (D:13)
  A basilisk (D:14)
  14 culicivoras
  7 golden eyes (Slime:4)
  A hog (shapeshifter) (D:15)
  2 dire elephant simulacra (Lair:5)
  13 wyverns
  5 hogs (Lair:4)
  A redback simulacrum (D:15)
  2 chaos spawn (Depths:1)
  52 redbacks
  4 vampire mosquitoes (D:15)
  A neqoxec (Depths:1)
  2 death yak simulacra (Lair:5)
  2 spectral cane toads (Lair:5)
  2 floating eyes
  17 water moccasins
  A glowing shapeshifter skeleton (D:15)
  4 acid dragons
  2 floating eyes (shapeshifter)
  3 ice beasts
  2 sky beasts
  37 orc warriors
  6 black bears
  An elephant zombie (Lair:5)
  9 ogres
  4 boggarts (D:15)
  8 centaurs
  24 wolves
  A phantom (D:6)
  A kobold brigand (D:9)
  6 gnoll sergeants
  17 bullfrogs
  3 scorpions
  9 wights
  5 elephant simulacra (Lair:5)
  3 killer bees (D:11)
  4 electric eels
  8 howler monkeys
  2 hounds
  An iron imp (D:7)
  A water moccasin simulacrum (D:5)
  23 orc priests
  A sleepcap (D:7)
  Terence (D:3)
  28 orc wizards
  2 iguanas
  7 hell rats (D:14)
  A bullfrog simulacrum (D:5)
  A centaur simulacrum (D:5)
  16 gnolls
  2 adders
  15 white imps
  A howler monkey simulacrum (D:5)
  4 worms
  2 dart slugs
  99 orcs
  6 ball pythons
  7 endoplasms
  5 giant cockroaches
  10 goblins
  5 hobgoblins
  4 jackals (D:3)
  8 quokkas
  2 bats
  4 frilled lizards
  7 kobolds
  A rat (D:1)
  A fire vortex (Zot:2)
  6 tentacles
1616 creatures vanquished.

Vanquished Creatures (collateral kills)
  A hell beast (Depths:1)
1 creature vanquished.

Vanquished Creatures (others)
  A tentacled monstrosity (Depths:2)
  A stone giant (Shoals:3)
  An orb spider (Spider:4)
  A water moccasin (Lair:5)
  An orc priest (Orc:1)
  A fire vortex (Zot:2)
  6 tentacles
12 creatures vanquished.

Grand Total: 1629 creatures vanquished

Notes
Turn   | Place    | Note
-------+----------+-------------------------------------------
     0 | D:1      | Anon1729 the Minotaur Monk began the quest for the Orb.
     0 | D:1      | Reached XP level 1. HP: 19/19 MP: 0/0
   284 | D:1      | Reached XP level 2. HP: 24/27 MP: 1/1
   345 | D:1      | Reached skill level 1 in Armour
   416 | D:1      | Reached skill level 1 in Invocations
  1001 | D:2      | Reached XP level 3. HP: 26/33 MP: 2/2
  1118 | D:2      | Identified the +10 flail of Ash {speed, Fly}
  1488 | D:2      | Found a faded altar of an unknown god.
  1992 | D:3      | Noticed Grinder
  2006 | D:3      | Killed Grinder
  2007 | D:3      | Reached XP level 4. HP: 7/41 MP: 4/4
  2007 | D:3      | Reached XP level 5. HP: 9/47 MP: 5/5
  2243 | D:3      | Reached XP level 6. HP: 50/53 MP: 6/6
  2383 | D:3      | Noticed Terence
  2387 | D:3      | Killed Terence
  2439 | D:3      | Found a sparkling altar of Nemelex Xobeh.
  2696 | D:4      | Found Zin's Purification Station.
  2696 | D:4      | Found a glowing silver altar of Zin.
  2754 | D:4      | Noticed Pikel
  2761 | D:4      | Identified 2 scrolls of acquirement
  2788 | D:4      | HP: 2/55 [adder (4)]
  2977 | D:5      | Entered Level 5 of the Dungeon
  3155 | D:5      | Acquired a +5 vampiric demon blade
  3158 | D:5      | Acquired the +7 captain's cutlass {speed, disarm}
  3158 | D:5      | Found the +7 captain's cutlass {speed, disarm}
  3174 | D:5      | Reached skill level 5 in Fighting
  3266 | D:5      | Reached skill level 1 in Long Blades
  3314 | D:5      | Found a staircase to the Ecumenical Temple.
  3323 | Temple   | Entered the Ecumenical Temple
  3331 | Temple   | Became a worshipper of Uskayaw the Reveller
  3331 | Temple   | Reached * piety under Uskayaw
  3416 | D:5      | Found a hazy altar of Hepliaklqana.
  3505 | D:5      | Found a runed translucent gate.
  3505 | D:5      | Found a runed translucent gate.
  3508 | D:5      | Found a runed translucent gate.
  3542 | D:5      | Noticed snipermoke's ghost (novice DgFi)
  3557 | D:5      | Reached ** piety under Uskayaw
  3558 | D:5      | Reached skill level 2 in Long Blades
  3558 | D:5      | Reached XP level 7. HP: 60/61 MP: 8/8
  3571 | D:5      | Found a bloodstained altar of Trog.
  3915 | D:6      | Reached *** piety under Uskayaw
  3917 | D:6      | Reached **** piety under Uskayaw
  3923 | D:6      | Reached ***** piety under Uskayaw
  3925 | D:6      | Reached skill level 3 in Long Blades
  3925 | D:6      | Reached skill level 5 in Dodging
  4215 | D:6      | Noticed a troll
  4220 | D:6      | Killed a troll
  4221 | D:6      | Reached skill level 4 in Long Blades
  4221 | D:6      | Reached XP level 8. HP: 58/70 MP: 9/9
  4308 | D:6      | Reached skill level 5 in Long Blades
  4562 | D:6      | Found a radiant altar of Vehumet.
  4675 | D:6      | Reached skill level 5 in Armour
  4795 | D:6      | Reached skill level 6 in Long Blades
  4949 | D:7      | Reached XP level 9. HP: 61/78 MP: 11/11
  5009 | D:7      | Found Oneilead's Magic Scroll Shop.
  5013 | D:7      | Bought a scroll of blinking for 97 gold pieces
  5013 | D:7      | Bought a scroll of fog for 52 gold pieces
  5013 | D:7      | Bought a scroll of fear for 52 gold pieces
  5013 | D:7      | Bought a scroll of identify for 26 gold pieces
  5013 | D:7      | Bought a scroll of identify for 26 gold pieces
  5013 | D:7      | Bought a scroll of immolation for 52 gold pieces
  5013 | D:7      | Bought a scroll of poison for 52 gold pieces
  5167 | D:7      | Found a burning altar of Makhleb.
  5167 | D:7      | Found a basalt altar of Yredelemnul.
  5184 | D:7      | Reached skill level 7 in Long Blades
  5425 | D:7      | Found a snail-covered altar of Cheibriados.
  5432 | D:7      | Reached skill level 5 in Invocations
  5819 | D:8      | Reached skill level 8 in Long Blades
  5844 | D:8      | Reached ****** piety under Uskayaw
  5981 | D:8      | Noticed a death yak
  5981 | D:8      | Noticed a death yak
  5981 | D:8      | Noticed a death yak
  5982 | D:8      | Noticed a death yak
  5983 | D:8      | Noticed a death yak
  5985 | D:8      | Noticed a death yak
  6219 | D:8      | Found Gouxton's Antique Weapon Emporium.
  6224 | D:8      | Reached XP level 10. HP: 81/88 MP: 13/13
  6247 | D:8      | Bought a bloodstained long sword for 246 gold pieces
  6247 | D:8      | Identified the +3 long sword of Hell's Wrath {pain, rElec
                  | rC+ rCorr Dex+3} (You bought it in a shop on level 8 of the
                  | Dungeon)
  6331 | D:8      | Found a broken altar of Ashenzari.
  6430 | D:8      | Found a staircase to the Lair.
  6452 | D:8      | Killed a death yak
  6453 | D:8      | Reached skill level 9 in Long Blades
  6454 | D:8      | Killed a death yak
  6454 | D:8      | Killed a death yak
  6460 | D:8      | Killed a death yak
  6461 | D:8      | Reached skill level 10 in Long Blades
  6461 | D:8      | Killed a death yak
  6473 | D:8      | Killed a death yak
  6695 | D:8      | Reached XP level 11. HP: 97/97 MP: 15/15
  6979 | D:9      | Reached skill level 11 in Long Blades
  7078 | D:9      | Found a glowing golden altar of the Shining One.
  7392 | D:9      | Found an ancient bone altar of Kikubaaqudgha.
  7392 | D:9      | Found a blossoming altar of Fedhas.
  7507 | D:9      | Found a stormy altar of Qazlal.
  7605 | D:9      | Noticed a deep elf pyromancer
  7616 | D:9      | Noticed a death knight
  7630 | D:9      | Killed a death knight
  7631 | D:9      | Reached skill level 5 in Short Blades
  7905 | D:4      | Killed Pikel
  7925 | D:4      | Found a shimmering altar of Xom.
  8180 | D:4      | Found a white marble altar of Elyvilon.
  8547 | D:5      | Killed snipermoke's ghost
  8573 | D:5      | Identified the +2 ring mail "Xestrone" {rN+ Str-3 Dex+9}
  8740 | D:10     | Entered Level 10 of the Dungeon
  8818 | D:10     | Noticed Gastronok
  8832 | D:10     | Killed Gastronok
  8884 | D:10     | Reached skill level 12 in Long Blades
  8923 | D:10     | Reached skill level 10 in Fighting
  9080 | D:10     | Noticed a two-headed ogre
  9085 | D:10     | Killed a two-headed ogre
  9311 | Lair:1   | Entered Level 1 of the Lair of Beasts
  9311 | Lair:1   | Noticed Fannar
  9322 | Lair:1   | Killed Fannar
  9323 | Lair:1   | Reached XP level 12. HP: 106/106 MP: 16/16
  9880 | Lair:1   | Reached skill level 13 in Long Blades
 10146 | Lair:2   | Reached skill level 10 in Armour
 10209 | Lair:2   | Found a runed translucent gate.
 10212 | Lair:2   | Found a runed translucent gate.
 10212 | Lair:2   | Found a runed translucent gate.
 10212 | Lair:2   | Noticed Koushar's ghost (journeyman FeTm)
 10212 | Lair:2   | Noticed initializr's ghost (journeyman DECj)
 10212 | Lair:2   | Noticed Ojus's ghost (journeyman AtFi)
 10212 | Lair:2   | Noticed Mous's ghost (journeyman MiBe)
 10212 | Lair:2   | Noticed h0peless's ghost (journeyman TrFi)
 10342 | Lair:2   | Noticed a five-headed hydra
 10351 | Lair:2   | Killed a nine-headed hydra
 10352 | Lair:2   | Reached skill level 10 in Dodging
 10507 | Lair:2   | Noticed Sonja
 10510 | Lair:2   | Noticed a six-headed hydra
 10514 | Lair:2   | Killed Sonja
 10521 | Lair:2   | Killed a 12-headed hydra
 11197 | Lair:3   | Noticed a death yak
 11199 | Lair:3   | Noticed a death yak
 11201 | Lair:3   | Noticed a death yak
 11201 | Lair:3   | Noticed a death yak
 11207 | Lair:3   | Killed a death yak
 11211 | Lair:3   | Killed a death yak
 11218 | Lair:3   | Killed a death yak
 11240 | Lair:3   | Reached skill level 14 in Long Blades
 11296 | Lair:3   | Found a hole to the Spider Nest.
 11313 | Lair:3   | Reached XP level 13. HP: 68/116 MP: 18/18
 11462 | Lair:3   | Noticed Josephine
 11482 | Lair:3   | Killed Josephine
 11767 | Lair:3   | Identified the +1 short sword "Wasetoli" {flame, rC+ MP-9
                  | Dex+5}
 12332 | Lair:4   | Reached skill level 15 in Long Blades
 13136 | Lair:4   | Noticed Kirke
 13158 | Lair:4   | Killed Kirke
 13159 | Lair:4   | Reached XP level 14. HP: 105/127 MP: 20/20
 13427 | Lair:4   | Reached XP level 15. HP: 134/134 MP: 20/22
 13489 | Lair:5   | Entered Level 5 of the Lair of Beasts
 13805 | Lair:5   | Noticed Rupert
 13828 | Lair:5   | Killed Rupert
 13935 | Lair:5   | Reached skill level 16 in Long Blades
 14046 | Lair:5   | Found a viscous altar of Jiyva.
 14047 | Lair:5   | Found a staircase to the Slime Pits.
 14692 | Lair:5   | Identified the staff of death "Jororo" {rN+ Str+3 Stlth+}
 14890 | Lair:5   | Reached skill level 10 in Short Blades
 14904 | Lair:5   | Identified the staff of poison "Husurchucs" {rPois rC+++
                  | Will+ MP+9 Str-3}
 16140 | D:12     | Found a staircase to the Orcish Mines.
 16143 | D:12     | Found Aco Yhoi's Armour Shoppe.
 16433 | D:13     | Identified the +3 scale mail of Defiance {Harm Will- Dex+3}
 16465 | D:13     | Reached skill level 17 in Long Blades
 16655 | D:13     | Noticed Snorg
 16667 | D:13     | Killed Snorg
 16758 | D:13     | Found a frozen archway.
 16782 | IceCv    | Entered an ice cave
 16957 | IceCv    | Reached XP level 16. HP: 136/144 MP: 24/24
 17180 | IceCv    | Found the +8 frozen axe "Frostbite" {freeze, freezing
                  | cloud, *Noise Fly rC+}
 18314 | Orc:1    | Entered Level 1 of the Orcish Mines
 18380 | Orc:2    | Entered Level 2 of the Orcish Mines
 18423 | Orc:2    | Found a gateway to a bazaar.
 18477 | Orc:2    | Found a staircase to the Elven Halls.
 18511 | Bazaar   | Entered a bazaar
 18511 | Bazaar   | Found Zufuketh's Weapon Boutique.
 18511 | Bazaar   | Found Yxzimew's Armour Shop.
 18511 | Bazaar   | Found Maczau's Antique Armour Shop.
 18525 | Bazaar   | Bought a glowing cloak for 157 gold pieces
 18707 | Orc:2    | Found Boplaot's Magic Scroll Shop.
 18718 | Orc:2    | Found Leliaziw's General Store.
 18793 | Orc:2    | Bought 2 scrolls of teleportation for 84 gold pieces
 18793 | Orc:2    | Bought a scroll of immolation for 56 gold pieces
 18793 | Orc:2    | Bought a potion of might for 56 gold pieces
 18793 | Orc:2    | Bought a potion of attraction for 42 gold pieces
 18795 | Orc:2    | Bought 3 scrolls of blinking for 315 gold pieces
 18795 | Orc:2    | Bought a scroll of teleportation for 42 gold pieces
 18795 | Orc:2    | Bought a scroll of enchant armour for 105 gold pieces
 18795 | Orc:2    | Bought a scroll of teleportation for 42 gold pieces
 18795 | Orc:2    | Bought a scroll of butterflies for 56 gold pieces
 18795 | Orc:2    | Bought 2 scrolls of teleportation for 84 gold pieces
 18795 | Orc:2    | Bought a scroll of identify for 28 gold pieces
 18795 | Orc:2    | Bought a scroll of vulnerability for 56 gold pieces
 19200 | Orc:2    | Paralysed by an orc sorcerer for 3 turns
 19234 | Orc:2    | Reached skill level 18 in Long Blades
 19269 | Orc:2    | Paralysed by an orc sorcerer for 2 turns
 19324 | Orc:2    | Found Ruynoyn's Antique Weapon Emporium.
 19324 | Orc:2    | Found Qiucvadi's Jewellery Shoppe.
 19325 | Orc:2    | Found a one-way gate leading to the halls of Pandemonium.
 19582 | Orc:1    | Found Uwixkit's Antique Weapon Boutique.
 19855 | Orc:2    | Bought the ring "Jetzipy" {rF+ MP+9} for 374 gold pieces
 19975 | D:14     | Found a gate to the Vaults.
 20458 | D:14     | Found a white marble altar of Elyvilon.
 20655 | D:15     | Entered Level 15 of the Dungeon
 20878 | D:15     | Found a staircase to the Depths.
 21248 | D:15     | Reached XP level 17. HP: 94/154 MP: 25/25
 21562 | D:15     | Reached skill level 19 in Long Blades
 21685 | Depths:1 | Entered Level 1 of the Depths
 22186 | Shoals:1 | Entered Level 1 of the Shoals
 22501 | Shoals:1 | Noticed a kraken
 22515 | Shoals:1 | Killed a kraken
 22547 | Shoals:1 | Noticed Mlioglotl
 22557 | Shoals:1 | Killed Mlioglotl
 22781 | Shoals:1 | Reached skill level 1 in Evocations
 23085 | Shoals:2 | Reached skill level 15 in Fighting
 23310 | Shoals:2 | Noticed a kraken
 23327 | Shoals:2 | Killed a kraken
 23649 | Shoals:2 | Reached skill level 1 in Ice Magic
 25149 | Shoals:4 | Entered Level 4 of the Shoals
 25536 | Shoals:4 | Reached XP level 18. HP: 163/163 MP: 27/27
 25675 | Shoals:4 | Reached skill level 15 in Armour
 25902 | Shoals:4 | Found Luofes's Antique Armour Emporium.
 26124 | Shoals:4 | Paralysed by a formless jellyfish for 1 turns
 26861 | Shoals:4 | Got a barnacled rune of Zot
 27120 | Spider:1 | Entered Level 1 of the Spider Nest
 27603 | Spider:1 | Identified the +5 orcbow of False Accusations {heavy, rC+}
 27815 | Spider:2 | Reached skill level 5 in Ice Magic
 28076 | Spider:2 | Reached skill level 20 in Long Blades
 28623 | Spider:2 | Identified the ring of Boublub {rPois rN+}
 28665 | Spider:2 | Identified the +4 shortbow of the Saviour {flame, +Blink
                  | rC+ Dex+3}
 29456 | Spider:3 | Identified the +12 whip of the Vulture {flame, Dex+3}
 29595 | Spider:3 | Reached skill level 5 in Evocations
 29602 | Spider:3 | Acquired the +1 cloak of Feasting {rF+}
 29660 | Spider:4 | Entered Level 4 of the Spider Nest
 29886 | Spider:4 | Identified the +7 triple crossbow of Reinforcement {drain,
                  | Str+5 Dex-5}
 29978 | Spider:4 | Reached XP level 19. HP: 152/173 MP: 28/28
 30735 | Spider:4 | Identified the +0 hat of Erhukhub {Harm *Slow +Inv rElec}
 30851 | Spider:4 | Got a gossamer rune of Zot
 31609 | Lair:5   | Reached skill level 15 in Dodging
 31692 | Slime:1  | Entered Level 1 of the Pits of Slime
 31818 | Slime:3  | Paralysed by a formless jellyfish for 1 turns
 31918 | Slime:5  | Entered Level 5 of the Pits of Slime
 31941 | Slime:5  | Noticed the Royal Jelly
 31947 | Slime:5  | Killed the Royal Jelly
 32442 | Slime:4  | Gained mutation: You occasionally lose the ability to drink
                  | potions when taking damage. [a shining eye]
 32590 | Slime:5  | Gained mutation: Your muscles are strong. (Str +4, Int/Dex
                  | -1) [a shining eye]
 32601 | Slime:5  | Noticed Dissolution
 32604 | Slime:5  | Killed Dissolution
 32660 | Slime:5  | Found the +3 Elemental Staff {rElec rF+ rC+ AC+3}
 32915 | Slime:5  | Gained mutation: Your magical capacity is low. (-10% MP) [a
                  | shining eye]
 32917 | Slime:5  | Gained mutation: Your magical capacity is very low. (-20%
                  | MP) [a shining eye]
 33035 | Slime:5  | Identified the +0 robe of Gestures {rElec MP+9 Slay+4
                  | Stlth-}
 33054 | Slime:5  | Identified the +4 chain mail of Contentment {rC++ Dex-2}
 33124 | Slime:5  | Identified the ring "Oriahor" {Fire rCorr Dex+4 Slay+3
                  | Stlth-}
 33130 | Slime:5  | Got a slimy rune of Zot
 33131 | Slime:5  | Identified the +0 plate armour of Lust {-Tele rPois rF+
                  | Int+3}
 33209 | Slime:5  | Identified the +10 flail of Generosity {heavy, rN+ Str+5
                  | Dex-3}
 33992 | Depths:1 | Reached skill level 15 in Invocations
 34161 | Depths:1 | Found a one-way gateway to a ziggurat.
 34168 | Depths:1 | Found the +4 moon troll leather armour {Spirit, Regen++
                  | MP+5}
 34186 | Depths:1 | Reached XP level 20. HP: 170/184 MP: 24/24
 34574 | Depths:1 | Found a shadowy altar of Dithmenos.
 35082 | Depths:1 | Found Etea's Fire Supplies.
 35427 | Depths:1 | Lost mutation: Your magical capacity is very low. (-20% MP)
                  | [potion of mutation]
 35427 | Depths:1 | Lost mutation: You occasionally lose the ability to drink
                  | potions when taking damage. [potion of mutation]
 35427 | Depths:1 | Gained mutation: You occasionally shout uncontrollably at
                  | your foes. [potion of mutation]
 35427 | Depths:1 | Gained mutation: You are dopey. (Int -2) [potion of
                  | mutation]
 35427 | Depths:1 | Gained mutation: You are somewhat resistant to further
                  | mutation. [potion of mutation]
 35435 | Depths:1 | Lost mutation: You are somewhat resistant to further
                  | mutation. [potion of mutation]
 35435 | Depths:1 | Lost mutation: You occasionally shout uncontrollably at
                  | your foes. [potion of mutation]
 35435 | Depths:1 | Gained mutation: Your muscles are very strong. (Str +8,
                  | Int/Dex -2) [potion of mutation]
 35435 | Depths:1 | Gained mutation: You have sharp toenails. [potion of
                  | mutation]
 35435 | Depths:1 | Gained mutation: You are robust. (+10% HP) [potion of
                  | mutation]
 35439 | Depths:1 | Found a gateway to Hell.
 35477 | Depths:1 | Reached skill level 21 in Long Blades
 35826 | Depths:2 | Got Kuydawk's Textbook on Spectres and Glaciation
 35831 | Depths:2 | Got the Directory of the Unstoppable Wishes
 36358 | Depths:2 | Reached skill level 15 in Short Blades
 37234 | Depths:3 | Paralysed by a floating eye for 2 turns
 37367 | Depths:3 | Paralysed by a floating eye for 3 turns
 37648 | Depths:3 | Found a one-way gate to the infinite horrors of the Abyss.
 37709 | Depths:3 | Found a glowing golden altar of the Shining One.
 37856 | Depths:3 | You fall into a shaft and drop 1 floor!
 37856 | Depths:4 | Entered Level 4 of the Depths
 37998 | Depths:4 | Found a faded altar of an unknown god.
 37998 | Depths:4 | Found a faded altar of an unknown god.
 37998 | Depths:4 | Found a hazy altar of Hepliaklqana.
 38008 | Depths:4 | Reached XP level 21. HP: 196/197 MP: 28/28
 38112 | Depths:4 | Paralysed by a vampire knight for 5 turns
 38388 | Depths:4 | Paralysed by a floating eye for 3 turns
 38395 | Depths:4 | Paralysed by a floating eye for 3 turns
 39170 | Depths:4 | Paralysed by a floating eye for 4 turns
 39434 | Depths:4 | Noticed a golden dragon
 39442 | Depths:4 | Killed a golden dragon
 39485 | Depths:4 | Found a gate to the Realm of Zot.
 39839 | Zot:1    | Entered Level 1 of the Realm of Zot
 40941 | Zot:1    | Noticed a golden dragon
 40962 | Zot:1    | Killed a golden dragon
 41204 | Zot:1    | Reached skill level 10 in Ice Magic
 41778 | Zot:2    | Noticed a golden dragon
 41785 | Zot:2    | Killed a golden dragon
 42402 | Zot:3    | Reached skill level 22 in Long Blades
 42574 | Zot:3    | Reached XP level 22. HP: 190/224 MP: 29/29
 42631 | Zot:4    | Noticed a curse toe
 43281 | Zot:3    | Noticed a curse toe
 43297 | Zot:3    | Killed a curse toe
 43781 | Zot:4    | Noticed Grunn
 43795 | Zot:4    | Killed Grunn
 44121 | Zot:4    | Killed a curse toe
 44162 | Zot:5    | Entered Level 5 of the Realm of Zot
 44242 | Zot:5    | Lost mutation: Your muscles are very strong. (Str +8,
                  | Int/Dex -2) [mutagenic glow]
 44518 | Zot:5    | Identified the ring of Doors {rElec rF+ rC+++ Str-3 SInv}
 44652 | Zot:5    | Noticed a dread lich
 44654 | Zot:5    | Noticed an orb of fire
 44662 | Zot:5    | Gained mutation: Your magical capacity is very low. (-20%
                  | MP) [an orb of fire]
 44663 | Zot:5    | Killed an orb of fire
 44664 | Zot:5    | Noticed an orb of fire
 44664 | Zot:5    | Paralysed by a Zot trap for 3 turns
 44667 | Zot:5    | Noticed a dread lich
 44669 | Zot:5    | Noticed a Killer Klown
 44670 | Zot:5    | Gained mutation: You are vulnerable to cold. (rC-) [an orb
                  | of fire]
 44671 | Zot:5    | Noticed a dread lich
 45692 | Zot:4    | Noticed a golden dragon
 45698 | Zot:4    | Killed a golden dragon
 45796 | Zot:4    | Noticed a golden dragon
 45800 | Zot:4    | Killed a golden dragon
 46113 | Zot:5    | Noticed a dread lich
 46114 | Zot:5    | Noticed an ancient lich
 46117 | Zot:5    | Noticed a Killer Klown
 46531 | Zot:4    | Killed a dread lich
 46534 | Zot:4    | Killed an ancient lich
 46618 | Zot:4    | Killed a dread lich
 46635 | Zot:4    | Gained mutation: Your body sometimes deteriorates upon
                  | taking damage. [an orb of fire]
 46637 | Zot:4    | Killed an orb of fire
 46743 | Zot:5    | HP: 9/226 [tentacled monstrosity (21)]
 46778 | Zot:5    | Reached skill level 10 in Evocations
 46788 | Zot:5    | Paralysed by a dread lich for 3 turns
 46792 | Zot:5    | Killed a dread lich
 46806 | Zot:5    | Killed a Killer Klown
 46807 | Zot:5    | Reached XP level 23. HP: 111/234 MP: 25/27
 47037 | Zot:5    | Killed a dread lich
 47090 | Zot:5    | Noticed a Killer Klown
 47110 | Zot:5    | Killed a Killer Klown
 47110 | Zot:5    | Killed a Killer Klown
 47757 | Zot:5    | Noticed a dread lich
 47763 | Zot:5    | Paralysed by a dread lich for 3 turns
 47772 | Zot:5    | Killed a dread lich
 47848 | Zot:5    | Got the Orb of Zot
 47916 | Zot:2    | Noticed Yskynn the pandemonium lord
 47979 | Zot:1    | HP: 3/236 [green death/bolt of poison (46)]
 47984 | Zot:1    | Killed from afar by a shadow dragon

Illustrated notes

Levels and vault maps discovered:
D:1:      dpeg_arrival_houses_and_road, layout_basic
D:2:      layout_loops_ring, hellmonk_ecumenical_altar_arch_garden,
          serial_park_tiny_2
D:3:      layout_basic, lemuel_tele_altar, dk_noncrumbling_2, uniq_grinder,
          uniq_terence
D:4:      layout_cave_pools, zin_purify, overflow_temple_1_default,
          mainiacjoe_overflow_six_doors_small, kennysheep_cross_bottleneck,
          st_stairs_7, grunt_decor_one_mirror, uniq_pikel
D:5:      layout_gridville, general_overflow_altar, trog_butcher_becter,
          minmay_temple_entry_statues_fountains, gammafunk_ghost_icy
D:6:      minmay_evil_eye, layout_basic, nicolae_overflow_hidden_temple,
          serial_park_tiny_pond
D:7:      layout_basic, slow_altar_2, jmf_multi_god_temple, serial_shops, shop
D:8:      layout_loops_corners, nicolae_ashenzari_panopticon,
          dpeg_lair_monsters, serial_shops, nicolae_shop_advertising_works
          [nicolae_subvault_shop_adworks]
D:9:      layout_basic, grunt_temple_overflow_growth_and_decay,
          nicolae_qazlal_style_of_elements, mainiacjoe_overflow_alcove_1,
          grunt_tough_drop
D:10:     layout_rooms, minmay_misc_feat_encased, minmay_between, uniq_gastronok
D:11:     layout_rooms
D:12:     layout_roguey, orc_david_3
D:13:     layout_loops_ring, portal_ice_cave_entry_imps, uniq_snorg
D:14:     layout_loops_ring, erik_vaults_1, special_room
          [special_room_mythical_zoo], serial_park_fountain, elyvilon_altar_5
D:15:     gammafunk_depths_entry_grave, layout_basic, minmay_misc_feat_alley,
          minivault_12
Temple:   nicolae_temple_little_seven
Lair:1:   layout_cave_pods, lemuel_fruit_fields, uniq_fannar
Lair:2:   layout_loops_ring, gammafunk_ghost_cemetery, serial_bayou_shore_b,
          serial_bayou_shore_a, uniq_sonja
Lair:3:   layout_misc_corridors, nicolae_shoals_entry_flooding,
          nicolae_spider_entry_orb_guardian, nzn_random_ring,
          serial_bayou_shore_b, uniq_josephine
Lair:4:   layout_cave_pods, minmay_stone_trees_medium, grunt_megastairs_3,
          lemuel_fruit_fields, serial_bayou_shore_b, uniq_kirke
Lair:5:   due_jungle_book, layout_regular_city, minmay_slime_entry_oklob_open,
          lemuel_fruit_tree, infiniplex_staircase_pool_2, serial_bayou_shore_b,
          uniq_rupert
Shoals:1: layout_shoals, uniq_mlioglotl
Shoals:2: layout_shoals, nicolae_shoals_arrival_archipelago
Shoals:3: layout_shoals, st_sunken_temple
Shoals:4: shoals_end_simple, layout_shoals, serial_shops, shop,
          nzn_prometheus_bound
Spider:1: layout_spider_delve, nicolae_spider_baby_got_redback
Spider:2: layout_spider_delve, hellmonk_test_site,
          hangedman_spider_tarantella_strand
Spider:3: layout_spider_delve
Spider:4: guppyfry_spider_rune, drop_trap, nicolae_orb_island
Slime:1:  layout_caves
Slime:2:  layout_caves
Slime:3:  layout_caves
Slime:4:  layout_caves, nicolae_slime_barrier, nicolae_slime_getting_an_eyeful
Slime:5:  uniq_dissolution
Orc:1:    layout_diamond_mine, serial_shops, shop
Orc:2:    pf_orc_diabolical, layout_diamond_mine, serial_shops,
          bzr_entry_customers, rock_pile
Depths:1: layout_forbidden_donut, enter_ziggurat_c,
          grunt_hell_entry_demonic_statue, rand_demon_pan_entry_8,
          nicolae_shop_fire_sale [nicolae_sub_dead_trees],
          minmay_misc_feat_tower, hangedman_abyss_or_decor_clamps,
          serial_bayou_pond_a, nicolae_dithmenos_through_a_glass_darkly
Depths:2: minmay_the_grid_square_5x5_3x3 [minmay_the_grid_square_5x5_minivault,
          minmay_the_grid_square_5x5_forky,
          minmay_the_grid_square_5x5_spiral_small,
          minmay_the_grid_square_5x5_moneybag,
          minmay_the_grid_square_5x5_megaprize_diamond,
          minmay_the_grid_square_5x5_three, minmay_the_grid_square_5x5_eight,
          minmay_the_grid_square_5x5_bridge,
          minmay_the_grid_square_5x5_inverted_slash], layout_basic,
          grunt_pan_entry_sceptre, pf_vacation_house_of_asmodeus
Depths:3: wander_protected_by_tso, layout_cave_pools, abyss_entry_glasseish,
          hell_entry
Depths:4: evilmike_zot_entry_round, layout_gridlike, grunt_hell_entry_dis_mu,
          nicolae_hepliaklqana_ecumenical_no_more,
          chequers_serial_rivers_small_a
Zot:1:    layout_cellular_growth, grunt_megastairs_2, uniq_josephina
Zot:2:    layout_gridlike, lemuel_baited_zot_trap
Zot:3:    layout_twisted_circle, st_stairs_4
Zot:4:    kennysheep_blocky_room, layout_gridlike, uniq_grunn
Zot:5:    layout_twisted_circle

Skill      XL: |  1  2  3  4  5  6  7  8  9 10 11 12 13 14 15 16 17 18 19 20 21 22 23 |
---------------+----------------------------------------------------------------------+-----
Armour         | 1 2 3 4 5 6 8 9 10 11 12 14 15 16 17 18 19 | 19.3
Invocations    | 1 2 3 4 5 6 7 8 9 11 12 13 14 15 16 17 | 17.0
Fighting       | 4 5 6 8 9 10 11 12 13 14 15 16 17 18 19 | 19.7
Short Blades   | 4 6 7 9 10 11 12 13 14 15 16 17 | 17.0
Maces & Flails | 2 |  2.3
Dodging        | 4 5 6 7 8 9 10 11 12 13 14 15 16 17 | 17.7
Long Blades    | 2 4 6 8 10 12 14 15 17 18 19 20 21 22 | 22.8
Evocations     | 3 5 6 7 9 10 | 10.3
Ice Magic      | 3 5 7 9 10 11 | 11.0

Action                     |  1- 3 |  4- 6 |  7- 9 | 10-12 | 13-15 | 16-18 | 19-21 | 22-24 || total
---------------------------+-------+-------+-------+-------+-------+-------+-------+-------++-------
  Melee: Short sword       |    73 |       |       |       |       |       |       |       ||    73
         Headbutt          |    16 |     6 |    37 |   108 |   184 |   490 |   550 |   192 ||  1583
         Flail             |    17 |    33 |       |       |       |       |       |       ||    50
         Demon blade       |       |     5 |   159 |   376 |   644 |  1490 |  1411 |   469 ||  4554
         Cutlass           |       |       |       |       |    14 |       |       |       ||    14
         Unarmed           |       |       |       |       |    13 |       |       |       ||    13
 Invoke: Line Pass         |       |       |       |     1 |     1 |     3 |     1 |     6 ||    12
         Stomp             |       |       |       |     1 |       |     2 |     3 |     3 ||     9
         Grand Finale      |       |       |       |       |       |     4 |     5 |     3 ||    12
  Evoke: Wand              |     1 |     1 |       |     2 |     1 |     4 |     4 |    10 ||    23
    Use: Scroll            |       |     3 |     8 |     6 |     6 |    10 |     5 |    14 ||    52
         Potion            |       |     2 |       |       |     1 |     1 |     4 |    18 ||    26
   Stab: Paralysed         |       |       |    13 |    47 |    94 |   177 |   173 |    59 ||   563
         Confused          |       |       |       |     1 |     1 |     1 |       |     1 ||     4
         Distracted        |       |       |       |       |       |       |       |     1 ||     1
 Armour: Robe              |     6 |     5 |     2 |       |       |       |       |       ||    13
         Troll leather arm |       |       |    18 |    13 |       |       |       |       ||    31
         Ring mail         |       |       |       |    61 |   143 |   391 |    99 |       ||   694
         Chain mail        |       |       |       |       |       |       |   402 |   198 ||   600
  Dodge: Dodged            |    38 |    35 |   115 |   225 |   391 |  1126 |   876 |   280 ||  3086
  Block: Orb               |       |       |       |       |       |    76 |   217 |    75 ||   368

Table legend: (Time is in decaauts)
 A = Elapsed time spent in this place.
 B = Non-inter-level travel time spent in this place.
 C = Inter-level travel time spent in this place.
 D = Time resting spent in this place.
 E = Time spent auto-exploring this place.
 F = Levels seen in this place.
 G = Mean time per level.
                   A        B        C        D        E       F      G
               +--------+--------+--------+--------+--------+-----+--------+
         Total |  46381 |  42593 |   3788 |   7115 |  27743 |  47 |  986.8 |
       Dungeon |  13974 |  12325 |   1649 |   1522 |   8859 |  15 |  931.6 |
        Temple |     16 |      8 |      8 |      0 |      0 |   1 |   16.0 |
          Lair |   6419 |   5812 |    607 |    484 |   4472 |   5 | 1283.8 |
        Shoals |   4713 |   4601 |    112 |    377 |   3544 |   4 | 1178.2 |
   Spider Nest |   4362 |   4018 |    344 |    622 |   2580 |   4 | 1090.5 |
    Slime Pits |   1759 |   1715 |     44 |    557 |    455 |   5 |  351.8 |
  Orcish Mines |   1483 |   1266 |    217 |      0 |    954 |   2 |  741.5 |
        Depths |   5868 |   5404 |    464 |    913 |   3428 |   4 | 1467.0 |
           Zot |   6844 |   6504 |    340 |   2600 |   2790 |   5 | 1368.8 |
        Bazaar |     24 |     24 |      0 |      0 |      8 |   1 |   24.0 |
      Ice Cave |    915 |    915 |      0 |     39 |    652 |   1 |  915.0 |
               +--------+--------+--------+--------+--------+-----+--------+

Top non-repeatable levels by time:
   Zot:4: 2221 daAuts
Depths:4: 2220 daAuts
Depths:2: 1945 daAuts
  Lair:5: 1904 daAuts
    D:15: 1762 daAuts
   Zot:3: 1619 daAuts
Spider:4: 1595 daAuts
Shoals:4: 1587 daAuts
   Zot:5: 1569 daAuts
Spider:2: 1536 daAuts
Depths:1: 1334 daAuts
  Lair:4: 1324 daAuts
  Lair:3: 1211 daAuts
Shoals:3: 1176 daAuts
     D:8: 1172 daAuts
